Workbook

Sheet 汇总表（用于汇总信息）
A1: 序号 | B1: 有效证件姓名 | C1: 性别 | D1: 出生日期 | E1: 国籍 | F1: 项目类别 | G1: 揭榜单位 | H1: 现工作单位 | I1: 单位性质 | J1: 职务 | K1: 职称 | L1: 省 | M1: 市 | N1: 最高学历 | O1: 最高学位 | P1: 毕业院校 | Q1: 学历/学位 | R1: 院校所在国家（地区） | S1: 证件类型 | T1: 证件号 | U1: 手机号 | V1: 电子邮箱 | W1: 来粤工作时间 | X1: 揭榜人从事技术领域 | Y1: 从事技术领域 工作年限 | Z1: 技术专长1 | AA1: 技术专长2 | AB1: 技术专长3 | AC1: 代表性奖项头衔 | AD1: 申报人基本情况
B2: ='1.1个人基本情况'!B3 -> 0 | C2: ='1.1个人基本情况'!E3 -> 0 | D2: ='1.1个人基本情况'!B4 -> 0 | E2: ='1.1个人基本情况'!B6 -> 0 | F2: =封面!#REF! -> #REF! | G2: =封面!C20 -> 0 | H2: ='1.1个人基本情况'!B12 -> 0 | I2: ='1.1个人基本情况'!G12 -> 0 | J2: ='1.1个人基本情况'!B13 -> 0 | K2: ='1.1个人基本情况'!G13 -> 0 | L2: 广东省 | M2: =封面!C26 -> 0 | N2: ='1.1个人基本情况'!B11 -> 0 | O2: ='1.1个人基本情况'!G11 -> 0 | P2: ='1.2～1.3主要学习、工作经历'!D3 -> 0 | Q2: ='1.2～1.3主要学习、工作经历'!F3 -> 0 | R2: ='1.2～1.3主要学习、工作经历'!C3 -> 0 | S2: ='1.1个人基本情况'!B8 -> 0 | T2: ='1.1个人基本情况'!E8 -> 0 | U2: ='1.1个人基本情况'!E10 -> 0 | V2: ='1.1个人基本情况'!H10 -> 0 | W2: ='1.1个人基本情况'!E7 -> 0 | X2: ='1.1个人基本情况'!B14 -> 0 | Y2: ='1.1个人基本情况'!G14 -> 0 | Z2: ='1.1个人基本情况'!B15 -> 请用关键词描述 | AA2: ='1.1个人基本情况'!E15 -> 请用关键词描述 | AB2: ='1.1个人基本情况'!G15 -> 请用关键词描述 | AC2: ='1.1个人基本情况'!B16&"-"&'1.1个人基本情况'!E16&"-"&'1.1个人基本情况'!G16 -> -- | AD2: ='1.1个人基本情况'!B17 -> 0

Sheet 封面
A1: 附件2
A6: 揭 榜 申 报 书
B18: 揭榜人姓名：
B20: 揭榜单位：
B22: 揭榜领域：
B24: 揭榜项目：
B26: 所属地市：
B28: 填报日期：
A34: 二0二四年制

Sheet 封面（背面）
A2: 填 表 须 知
A4: 一、填写内容应实事求是、内容详实、文字精炼。 二、姓名（包括封面及基本信息中姓名栏）与项目申报汇总表姓名、电子材料文件名中姓名，三处务必一致，姓名应对照有效身份证件准确填写，港澳居民及外国专家按照中国大陆有效证件填写姓名。 三、企业、院校、单位均应使用规范全称或正式文件明确的规范简称，申报材料中各处提及同一个企业、院校、单位时应当保持名称一致。 四、证件类型。填写的证件应能和姓名对照一致，准确填写证件号码，并提供能够辨识姓名的证件扫描件。 五、时间格式。1.各处时间，年月日按照“YYYY-MM-DD”或者“YYYY/MM/DD”格式填写，年月按照“YYYY-MM”或者“YYYY/MM”格式输入；2.“出生日期”“来粤工作时间”须填写对应的年月日；3.“终止时间”填写对应的年月，如仍未终止或长期有效的可以填入“至今”。 六、行业领域。应符合汽车制造及零部件、高端装备、新材料、集成电路、制造业数字化转型、软件和信息技术服务、人工智能、碳达峰碳中和、新型储能九个领域之一。 七、本表中需要填报金额的事项，均以人民币“万元”为单位，小数点后保留两位。 八、单位所属行业请按照国民经济行业分类标准（GB/T4754-2017）填写。 九、揭榜人工作方案、揭榜人所在团队情况、单位推荐理由所要求提供的内容要素必须全部涉及，漏项将视为不合规。 十、涉及财务金额填写，应当注意填写单位，有关金额在申报书及附件材料各处应当能够相互印证，无法印证情况下必须提供相应情况说明并由有关企业（单位）进行认证并加盖公章。 十一、附件应对照申报书所填内容，按要求提供齐全。 十二、栏目没有内容的一律留空。 十三、涉密敏感信息必须按规进行脱密处理。 十四、打印版签字盖章后上报，同时按要求提供电子版。

Sheet 1.1个人基本情况
A1: 一、基本情况
A2: （一）个人基本信息
A3: 姓名 | B3: =封面!C18 -> 0 | D3: 性别 | H3: 照片
A4: 出生日期 | D4: 民族
A5: 籍贯 | D5: 政治面貌
A6: 国籍/地区 | D6: 出生地
A7: 参加工作时间 | D7: 全职来粤工作时间
A8: 证件类型 | D8: 证件号
A9: 通讯地址
A10: 办公电话 | D10: 手机 | G10: 电子 邮箱
A11: 最高学历 | E11: 最高学位
A12: 现工作单位 | E12: 单位类型
A13: 职务 | E13: 职称
A14: 揭榜人从事技术领域 | E14: 从事技术领域 工作年限
A15: 技术专长 | B15: 请用关键词描述 | E15: 请用关键词描述 | G15: 请用关键词描述
A16: 代表性奖项头衔
A17: 揭榜人基本情况（500字以内）

Sheet 1.2～1.3主要学习、工作经历
A1: （二）主要学习经历（从大学专科/大学本科起，按照由高到低的顺序）
A2: 开始时间 （年月） | B2: 结束时间 （年月） | C2: 所在国家 （地区） | D2: 校（院）名称 （中文） | E2: 专业领域 | F2: 学位/学历
A8: （三）主要工作经历
A9: 开始时间 （年月） | B9: 结束时间 （年月） | C9: 单位名称 | D9: 职务/职称 | E9: 主要职责 （限50字） | F9: 所在地区 （省、市）

Sheet 2.依托企业基本信息
A1: 二、依托申报企业基本信息
A2: 企业性质 | B2: 请对照营业执照填写
A3: 企业成立时间 | C3: 是否为中方控股企业
A4: 统一社会信用代码 | C4: 是否为项目榜单制定企业
A5: 企业所属区域
A6: 通信地址 | C6: 邮编
A7: 企业联系人 | C7: 联系人电话
A8: 企业主营业务所属国民经济行业 | B8: （一级分类） | C8: （二级分类） | D8: （三级分类）
A9: 企业认定情况 | B9: 制造业单项冠军企业/专精特新“小巨人”企业/专精特新中小企业/高新技术企业等
A10: 企业基本情况（限800字） | B10: 主营业务领域： 核心技术： 经营战略： 主要客户群： 在产业链中的位置和地位： ……

Sheet 3.1～3.2工作业绩成果
A1: 三、主要工作成果及业绩
A2: （一）在工程技术方面的主要成就贡献综述（限800字）
A3: 准确、客观填写个人在工程技术领域的主要成就贡献（主要体现个人专业技术水平），必须包括以下内容，并可视情况增加内容： （一）请区分团队成果，重点阐述个人在解决“卡脖子”技术难题、复杂工程技术问题、填补技术空白方面的主要成就。 （二）在承担重大工程技术项目中，个人在团队中的主要贡献。
A7: （二）承担的主要项目（工程）
A8: 项目（工程）名称 | B8: 立项单位 | C8: 担任职务 | D8: 团队人数 | E8: 取得的成果 （限100字） | F8: 本人主要贡献 （限100字）

Sheet 3.3～3.4工作业绩成果
A1: （三）专业资质及证书
A2: 1.获得的专业技术资质情况（包括但不限于职称、职业技能等级、职业资格等，限5项）
A3: 获得时间 （年月） | B3: 证书名称 | C3: 认证机构 | D3: 证书有效期 （年月）
A9: （四）代表性论文、著作、研究技术报告、重要学术会议邀请报告（限10项）
A10: 类别栏按著作类型填写，包括：论文、著作、研究技术报告、重要学术会议邀请报告。 作者排序按“个人排序/总人数”填写。 题目栏填写：题目名称 备注栏按类别分别填写：论文的期刊名称，卷（期）年、起止页码”；著作的出版社，出版年份，出版地；研究技术报告的完成年份；重要学术会议邀请报告报告年份、会议名称、地点。
A11: 类别 | B11: 作者排序 （个人排序/总人数） | C11: 题目 | D11: 备注（年份、地址等）

Sheet 3.5～3.6工作业绩成果
A1: （五）专利、软件著作权等情况（限5项）
A2: 专利/软件著作权名称 | B2: 证书编号 | C2: 批准年份 | D2: 参与排名 （个人排序/总人数） | E2: 使用情况 （限50字）
A8: （六）制定标准情况（包括国际、国内，限5项）
A9: 标准名称 | B9: 标准编号 | C9: 级别 | D9: 发布年份 | E9: 参与排名 （个人排序/总人数）

Sheet 3.7～3.8工作业绩成果
A1: （七）荣誉奖项情况
A2: 1.曾获所在工程技术方面的荣誉奖项情况（限5项）
A3: 获奖时间 | B3: 荣誉奖项名称 | C3: 级别/排名（个人排序/总人数） | D3: 颁奖部门
A9: 2.曾获其他方面的荣誉奖项情况（限5项）
A10: 获奖时间 | B10: 荣誉奖项名称 | C10: 级别/排名（个人排序/总人数） | D10: 颁奖部门
A16: （八）社会组织任职情况（限5项）
A17: 起止时间 | B17: 社会组织名称 | D17: 职务

Sheet 4.揭榜人工作计划
A1: 四、揭榜人工作方案摘要
A2: (此项作为人才评审以及后续人才任务完成评价的重要依据，请揭榜人认真概括填写，详尽技术方案另附提交）
A3: （一）揭榜人现有条件（限500字）
A4: 揭榜人参与揭榜项目的现有条件，包括所具有的项目经验、个人能力、已有成果等
A5: （二）依托申报企业承诺的资源配套
A6: 拟提供薪酬待遇（万元）
A7: 其他配套资源，如课题经费、团队、设备、场地等（限100字）
A8: （三）工作任务
A9: 任务目标（限500字） | B9: 揭榜人针对揭榜项目提出的分解目标（具体指标、参数）。
A10: 工作方案（限500字） | B10: 解决项目榜单的技术路线、工作步骤和具体计划。
A11: 项目贡献（限500字） | B11: 揭榜人提出的在实施项目方案中本人承担的具体职责及发挥的作用。
A12: （四）绩效评价（限500字）
A13: 榜单项目完成后预计产生的经济、社会效益。

Sheet 5.揭榜人所在团队情况
A1: 五、揭榜人组建团队情况（依托榜单制定企业揭榜的必须填写）
A2: （一）揭榜人团队总体情况
A3: 总人数（人） | I3: 平均年龄 （岁）
A4: （二）团队核心成员基本情况表（限5人，不包括揭榜揭榜人）
A5: 序号 | B5: 姓名 | C5: 性别 | D5: 国籍 /地区 | E5: 年龄 (岁) | F5: 最高 学历 | G5: 最高学历 毕业学校 | H5: 职称 | I5: 专业领域 | J5: 现工作单位及职务 | K5: 主要奖励、荣誉、资质 | L5: 承担重要项目情况
A11: （三）团队核心成员分工（限500字）

Sheet 6.揭榜人及单位承诺
A1: 六、揭榜人及单位承诺
A2: 在匿名评审过程中是否有需要回避的评审专家和单位，如果有，请列出 （回避专家之间用中文逗号“，”分隔）：
A3: 回避专家
A4: 回避单位
A5: 揭榜人承诺
A6: 本人承诺以上信息真实、完整、有效，不存在违反思想政治、科研诚信、科学伦理、廉洁自律、知识产权权属、保密约定、竞业禁止、违法犯罪等情况，不存在重复申报和串通控榜等行为，如有虚假信息愿意承担一切法律责任。 本人承诺入选后愿意与依托企业、工信部门签订人才相关协议，并全职在依托企业连续工作不少于三年且至榜单项目完成。在申报期间，工作单位等申报条件发生变更，将在变更后的十个工作日内报属地工业和信息化主管部门。 （请揭榜人认真阅读上述承诺内容及要求，如同意请手写以下文字：本人已认真阅读并知悉同意承诺的全部内容及要求。如未手写确认视为未承诺！）
B8: 揭榜人签字： | F8: 日期：
A9: 揭榜人依托申报单位意见
A10: 推荐理由（阐述揭榜人在思想政治、创新能力、战略眼光、冒险精神、敬业精神、国际视野等方面的情况，形成综合推荐意见，限300字）：
A12: 依托申报单位承诺
A13: 本单位承诺揭榜人的资格条件等方面均属实，现已（将）入职我单位全职工作，且不存在违法犯罪、重复申报等情况。如揭榜人入选，我单位愿意与人才、工信部门签订人才培养协议，承诺配套落实完成榜单项目的资金和相关配套资源，并榜单任务完成后，向行业、产业推广部分或全部成果。（提示：上述为参考样例，请据实填写，打印时请删除该提示！） 用人单位主要负责人签字： 日期： 单位公章：

Sheet Sheet1 (2)
A1: 附件2
A2: 项目榜单汇总表
A3: 编号 | B3: 行业领域 | C3: 榜单名称 | D3: 项目类型
A4: CX1 | B4: 汽车制造及零部件 | C4: 高性能电机及驱动总成关键技术开发 | D4: 创新领军人才项目
A5: CX2 | B5: 汽车制造及零部件 | C5: 新能源汽车整车国产化平台技术 | D5: 创新领军人才项目
A6: CX3 | B6: 汽车制造及零部件 | C6: 超快充高安全大圆柱电池的开发及产业化 | D6: 创新领军人才项目
A7: CX4 | B7: 汽车制造及零部件 | C7: 车身一体化压铸车身项目 | D7: 创新领军人才项目
A8: CX5 | B8: 汽车制造及零部件 | C8: 应用于智能网联汽车的5G透明玻璃天线系列研究及产业化 | D8: 创新领军人才项目
A9: CX6 | B9: 汽车制造及零部件 | C9: 基于AutoSAR AP系统架构的国产汽车域控制器基础软件系统研发 | D9: 创新领军人才项目
A10: CX7 | B10: 高端装备 | C10: 高精度显微眼科手术控制系统关键技术研究与临床应用 | D10: 创新领军人才项目
A11: CX8 | B11: 高端装备 | C11: 半导体光刻缺陷检测极紫外激光前端高功率高能量激光驱动系统研制 | D11: 创新领军人才项目
A12: CX9 | B12: 高端装备 | C12: 芯片级串并联高压大容量IGBT智能功率模块研发及工业应用 | D12: 创新领军人才项目
A13: CX10 | B13: 高端装备 | C13: 基于水下自动对接的超深水重载布放回收系统研制 | D13: 创新领军人才项目
A14: CX11 | B14: 高端装备 | C14: 系留式无人机应急救援照明系统及应用 | D14: 创新领军人才项目
... A181: QN117 | B181: 新型储能 | C181: 超充储一体系统 | D181: 青年拔尖人才项目
